 Dungeon Crawl Stone Soup version 0.24-a0-312-g16217b4a02 (webtiles) character file.

Game seed: 12024952083941942679

176740 MachJacob the Quickloader (level 17, 0/109 HPs)
             Began as a Tengu Air Elementalist on May 14, 2019.
             Was the Champion of Vehumet.
             Slain by a tarantella (10 damage)
             ... on level 4 of the Spider Nest on May 15, 2019.
             The game lasted 04:04:47 (52533 turns).

MachJacob the Quickloader (Tengu Air Elementalist) Turns: 52533, Time: 04:04:48

Health: 0/109      AC: 17    Str: 17 (19) XL:     17   Next: 84%
Magic:  1/43       EV: 17    Int: 25 (26) God:    Vehumet [******]
Gold:   1157       SH:  2    Dex: 13 (14) Spells: 4/40 levels left

rFire    x . .     SeeInvis +   b - +6 arbalest "Dinytaij" {freeze, MR+ Str+6 Dex+3 SInv}
rCold    + + .     Gourm    .   (shield currently unavailable)
rNeg     . . .     Faith    .   k - +0 ice dragon scales
rPois    +         Spirit   .   y - +2 hat
rElec    .         Reflect  +   G - scarf {cloud immunity}
rCorr    .         Harm     .   w - +0 pair of gloves "Timomiti" {MR+}
MR       +++..                  (boots unavailable)
Stlth    ..........             O - +2 amulet of reflection
HPRegen  0.28/turn              I - ring of wizardry
MPRegen  0.28/turn              E - ring "Jeidouji" {rPois MP+9 Str+5 Int+4 Dex-5}

@: lethally poisoned (0 -> -25), flying quickly and evasively, quick
A: beak, talons 3, able to fly
}: 1/15 runes: decaying
a: Stop Flying, Renounce Religion


You were on level 4 of the Spider Nest.
You worshipped Vehumet.
Vehumet was exalted by your worship.
You were hungry.

You visited 6 branches of the dungeon, and saw 28 of its levels.
You also visited: Sewer and Ice Cave.

You collected 3063 gold pieces.
You spent 1906 gold pieces at shops.

Inventory:

Hand Weapons
 a - a +3 glaive of freezing
 b - the +6 arbalest "Dinytaij" (weapon) {freeze, MR+ Str+6 Dex+3 SInv}
   (You bought it in a shop on level 8 of the Dungeon)

   It causes projectiles fired from it to freeze those they strike, causing
   extra injury to most foes and up to half again as much damage against
   particularly susceptible opponents.
   They can also slow down cold-blooded creatures.
   It affects your strength (+6).
   It affects your dexterity (+3).
   It affects your resistance to hostile enchantments.
   It lets you see invisible.
Missiles
 f - 8 curare-tipped darts
 F - 6 bolts (quivered)
Armour
 k - +0 ice dragon scales (worn)
 w - the +0 pair of gloves "Timomiti" (worn) {MR+}
   (You acquired it on level 2 of the Spider Nest)

   It affects your resistance to hostile enchantments.
 y - a +2 hat (worn)
 G - a scarf of cloud immunity (worn)
 U - +1 acid dragon scales
Jewellery
 E - the ring "Jeidouji" (right hand) {rPois MP+9 Str+5 Int+4 Dex-5}
   (You bought it in a shop on level 2 of the Orcish Mines)

   [ring of magical power]

   It affects your strength (+5).
   It affects your intelligence (+4).
   It affects your dexterity (-5).
   It protects you from poison.
   It affects your magic capacity (+9).
 I - a ring of wizardry (left hand)
 K - an uncursed ring of protection from fire
 M - an uncursed ring of protection from cold
 N - an uncursed ring of protection from magic
 O - a +2 amulet of reflection (around neck)
Wands
 s - a wand of iceblast (11)
 t - a wand of clouds (9)
 A - a wand of paralysis (22)
 S - a wand of disintegration (15)
 T - a wand of acid (4)
 V - a wand of scattershot (9)
 W - a wand of random effects (49)
 X - a wand of digging (16)
Scrolls
 h - a scroll of holy word
 j - 4 scrolls of fog
 m - 4 scrolls of teleportation
 o - 2 scrolls of fear
 q - 6 scrolls of amnesia
 z - a scroll of enchant armour
 B - 9 scrolls of magic mapping
 H - a scroll of brand weapon
 L - 12 scrolls of remove curse
 P - 3 scrolls of blinking
 Q - 3 scrolls of immolation
 Z - 3 scrolls of identify
Potions
 d - 4 potions of brilliance
 e - 2 potions of resistance
 g - a potion of invisibility
 i - 3 potions of mutation
 l - 2 potions of berserk rage
 n - 4 potions of might
 r - 3 potions of haste
 u - 3 potions of cancellation
 x - 2 potions of ambrosia
 C - 4 potions of flight
 D - 3 potions of magic
 J - 4 potions of agility
Miscellaneous
 R - a fan of gales
 Y - a lightning rod (4/4)
Comestibles
 c - 39 rations
 p - 4 chunks of flesh


   Skills:
 + Level 13.3 Fighting
 + Level 10.4 Polearms
 * Level 14.9 Crossbows
 - Level 12.1 Armour
 - Level 10.0 Dodging
 - Level 2.0 Stealth
 - Level 12.0 Spellcasting
 + Level 10.9 Conjurations
 - Level 2.0 Hexes
 - Level 2.0 Charms
 - Level 5.1 Summonings
 - Level 5.0 Necromancy
 - Level 3.0 Translocations
 + Level 10.9 Air Magic


You had 4 spell levels left.
You knew the following spells:

 Your Spells              Type           Power        Failure   Level  Hunger
a - Shock                 Conj/Air       ####         1%          1    None
b - Swiftness             Chrm/Air       #####...     1%          2    None
c - Static Discharge      Conj/Air       ######..     1%          3    None
d - Airstrike             Air            ######....   1%          4    None
e - Apportation           Tloc           ####..       1%          1    None
f - Mephitic Cloud        Conj/Pois/Air  ######..     1%          3    None
g - Orb of Destruction    Conj           ######....   13%         7    ######.
q - Blink                 Tloc           N/A          2%          2    None
s - Summon Lightning Spi  Summ/Air       ######..     1%          4    None
w - Regeneration          Chrm/Necr      ####......   3%          3    None
x - Confusing Touch       Hex            ####..       2%          1    None
z - Lightning Bolt        Conj/Air       ######....   1%          5    ###....

Your spell library contained the following spells:

 Spells                   Type           Power        Failure   Level  Hunger
 Glaciate                 Conj/Ice       #####.....   100%        9    #######
 Shatter                  Erth           ###.......   100%        9    #######
 Tornado                  Air            ######....   100%        9    #######
 Animate Skeleton         Necr           N/A          1%          1    None
 Magic Dart               Conj           ####         1%          1    None
 Sandblast                Erth           ###...       1%          1    None
 Summon Small Mammal      Summ           ####         1%          1    None
 Call Imp                 Summ           #####...     1%          2    None
 Corpse Rot               Necr           N/A          1%          2    None
 Searing Ray              Conj           ######       1%          2    None
 Call Canine Familiar     Summ           #####...     1%          3    None
 Dazzling Spray           Conj/Hex       #####.       1%          3    None
 Stone Arrow              Conj/Erth      #####.       1%          3    None
 Force Lance              Conj/Tloc      #####...     1%          4    None
 Fulminant Prism          Conj/Hex       #####.....   1%          4    None
 Iskenderun's Mystic Bla  Conj           ######..     1%          4    None
 Infusion                 Chrm           ####         2%          1    None
 Shroud of Golubria       Chrm/Tloc      ####......   2%          2    None
 Song of Slaying          Chrm           ####....     3%          2    None
 Summon Guardian Golem    Hex/Summ       ####....     3%          3    None
 Gell's Gravitas          Tloc           ####......   4%          3    None
 Lesser Beckoning         Tloc           ####......   4%          3    None
 Teleport Other           Tloc           ####....     4%          3    None
 Spectral Weapon          Hex/Chrm       ####....     6%          3    None
 Passwall                 Tmut/Erth      ###.....     8%          2    None
 Passage of Golubria      Tloc           N/A          14%         4    None
 Summon Ice Beast         Ice/Summ       ####....     17%         4    None
 Leda's Liquefaction      Hex/Erth       ###.......   32%         4    None
 Petrify                  Tmut/Erth      ###.....     43%         4    None
 Iskenderun's Battlesphe  Conj/Chrm      #####...     3%          5    ###....
 Venom Bolt               Conj/Pois      #####.....   4%          5    ###....
 Bolt of Magma            Conj/Fire/Erth ####......   9%          5    ###....
 Iron Shot                Conj/Erth      #####.....   21%         6    #####..
 Summon Forest            Summ/Tloc      #####.....   26%         5    ###....
 Lee's Rapid Deconstruct  Erth           ###.......   32%         5    ###....
 Spellforged Servitor     Conj/Summ      ######....   34%         7    ######.
 Hydra Form               Tmut           ###.......   99%         6    #####..
 Summon Hydra             Summ           #####.....   99%         7    ######.


Dungeon Overview and Level Annotations

Branches:
Dungeon (11/15)            Temple (1/1) D:7            Lair (6/6) D:10
  Swamp (4/4) Lair:3       Spider (4/4) Lair:3        Slime (0/5) Lair:5
    Orc (2/2) D:10            Elf (0/3) Orc:2

Altars:
Ashenzari
Cheibriados
Dithmenos
Elyvilon
Fedhas
Gozag
Hepliaklqana
Kikubaaqudgha
Makhleb
Nemelex Xobeh
Okawaru
Qazlal
Ru
Sif Muna
Trog
Uskayaw
Vehumet
Wu Jian
Xom
Yredelemnul
Zin
The Shining One
Beogh
Jiyva

Shops:
D:4 %   D:8 (   Orc:2 =:=([

Annotations:
D:4 1 runed translucent door, exclusions: door and steam dragon, Crazy Yiuf
Lair:2 1 runed translucent door, Shaidar's ghost, journeyman MiBe
Lair:5 exclusion: 2 oklob plants
Lair:6 1 runed translucent door
Orc:2 2 runed translucent doors, 2 transporters, exclusion: orange crystal statue, P0WERM0DE's ghost, journeyman DDFi


Innate Abilities, Weirdness & Mutations

You have a beak for a mouth.
You have claws for feet.
You can fly continuously.


Message History

You are confused.
Found a hunting sling.
You feel better. The tarantella barely misses you.
Firing (i - inventory. (/) - cycle)
F - 8 bolts (quivered)
Press: ? - help, Shift-Dir - straight line, f - tarantella
Aim: a tarantella You shoot a bolt.
The bolt hits the tarantella.
The bolt freezes the tarantella.
The tarantella is moderately wounded.
The tarantella barely misses you. x2
Firing (i - inventory. (/) - cycle)
F - 7 bolts (quivered)
Press: ? - help, Shift-Dir - straight line, f/p - tarantella
Aim: a tarantella (moderately wounded)
You shoot a bolt. The bolt misses the tarantella.
The tarantella bites you but does no damage.
The redback bites you!
* * * LOW HITPOINT WARNING * * *
You are lethally poisoned!
The redback poisons you! The tarantella bites you!
You die...

#.......# #≈..###
#...)...###≈.###^
#####..####...##
# ##..^^.)^#
##≈..# #........#
#≈..## #........#
##...#
###........#
#.≈†##
#..........#
##...s
#...@s^.....
#....
#....s.#.....
##≈.. #.......#
... ##.≈
#......## . ###
#......## #....##
#.### ##


You could see a tarantella and a redback.

Vanquished Creatures
  Mara (Swamp:4)
  Saint Roka (Orc:2)
  Arachne (Spider:2)
  4 thorn hunters
  An orc warlord (Orc:2)
  4 ghost moths
  A frost giant (IceCv)
  A stone giant (Orc:2)
  An entropy weaver (Spider:3)
  9 hydras
  2 ice dragons (Swamp:4)
  2 ghost crabs
  4 two-headed ogres
  11 alligators
  2 shambling mangroves
  A death yak (IceCv)
  Sonja (D:11)
  3 spriggans (Swamp:3)
  A fire crab (Lair:6)
  A spriggan druid (Swamp:4)
  8 swamp dragons
  A lindwurm (Lair:6)
  3 orc knights (Orc:1)
  15 orb spiders
  27 wolf spiders
  6 orc sorcerers
  An ugly thing (Swamp:2)
  2 moths of wrath (Spider:2)
  3 black mambas
  4 elephants
  An ice statue (IceCv)
  12 spiny frogs
  3 torpor snails
  5 rime drakes
  2 komodo dragons
  A centaur skeleton (D:10)
  6 demonic crawlers
  4 freezing wraiths (Swamp:4)
  19 jumping spiders
  5 trolls
  21 hornets
  18 tyrant leeches
  11 polar bears
  11 slime creatures
  4 bog bodies
  5 hippogriffs
  4 dream sheep
  2 shadows
  A wyvern (D:11)
  39 redbacks
  25 tarantellas
  A basilisk (Lair:4)
  4 hogs (Spider:2)
  45 yaks
  2 hungry ghosts
  2 steam dragons (Lair:6)
  4 swamp worm simulacra (Swamp:4)
  11 vampire mosquitoes
  9 insubstantial wisps
  4 wargs
  16 swamp worms
  7 water moccasins
  An acid dragon (D:11)
  18 hydra simulacra (Swamp:4)
  Duvessa (D:7)
  A sky beast (D:5)
  11 swamp drakes
  7 porcupines
  An ice beast (D:11)
  38 orc warriors
  An eye of draining (D:10)
  2 black bears (D:8)
  10 ogres
  4 necrophages
  16 wolves
  3 centaurs
  12 crocodiles
  2 big kobolds
  5 bullfrogs
  Dowan (D:7)
  A scorpion (Lair:3)
  5 killer bees (D:7)
  8 wights
  4 howler monkeys
  A centaur zombie (D:8)
  4 crimson imps
  A quasit (D:5)
  A bullfrog skeleton (D:5)
  A bullfrog zombie (D:9)
  8 hounds
  3 jellies
  17 orc priests
  28 orc wizards
  5 iguanas
  5 worker ants
  2 killer bee zombies
  A worker ant zombie (D:8)
  Robin (D:3)
  4 gnolls (D:9)
  18 adders
  A howler monkey skeleton (D:7)
  4 shadow imps
  12 white imps (Lair:1)
  An ooze (D:4)
  3 swamp drake simulacra (Swamp:4)
  2 adder zombies
  2 adder skeletons
  A worm (D:2)
  5 dart slugs
  4 leopard geckos
  101 orcs
  7 bats
  7 giant cockroaches
  12 goblins
  10 hobgoblins
  15 jackals
  6 quokkas
  3 ball pythons
  8 frilled lizards
  16 kobolds
  A leopard gecko skeleton (D:4)
  5 rats
  2 briar patches (Swamp:3)
  A butterfly (Lair:4)
  3 fungi
  3 plants
913 creatures vanquished.

Vanquished Creatures (collateral kills)
  Kirke (Spider:2)
  Louise (Spider:2)
  An entropy weaver (Spider:3)
  A fire dragon (Lair:6)
  2 hydras (Swamp:3)
  An alligator (Swamp:4)
  2 death yaks
  An orc high priest (Orc:2)
  2 swamp dragons
  An orc knight (Orc:1)
  2 ugly things (Swamp:2)
  10 wolf spiders
  4 orb spiders
  3 orc sorcerers
  An oklob plant (Lair:5)
  3 black mambas
  An elephant (Lair:6)
  4 spiny frogs
  6 torpor snails
  A demonic crawler (Spider:3)
  4 komodo dragons
  6 jumping spiders
  8 tyrant leeches
  2 trolls (Orc:1)
  2 polar bears (IceCv)
  5 hornets
  A hippogriff (Lair:4)
  A bog body (Swamp:1)
  16 redbacks
  A wyvern (Lair:4)
  3 spriggans
  16 yaks
  11 tarantellas
  A hog (Spider:2)
  A swamp worm simulacrum (Swamp:4)
  2 vampire mosquitoes
  A steam dragon (Lair:6)
  5 swamp worms
  8 basilisks
  4 water moccasins
  9 orc warriors
  3 swamp drakes (Swamp:3)
  7 wolves
  A crocodile (Lair:3)
  6 orc priests
  3 orc wizards (Orc:1)
  An iguana (Lair:6)
  5 adders (Lair:4)
  15 orcs
  5 briar patches (Swamp:3)
  A butterfly (Lair:4)
  4 fungi (Lair:4)
206 creatures vanquished.

Vanquished Creatures (others)
  An azure jelly (Swamp:4)
  A hydra (Swamp:4)
  A spriggan druid (Swamp:2)
  A swamp dragon (Swamp:1)
  A spiny frog (Swamp:4)
  A swamp drake (Swamp:4)
  An orc warrior (Orc:2)
  An orc priest (Orc:2)
  A briar patch (Swamp:3)
  24 fungi
  32 plants
65 creatures vanquished.

Grand Total: 1184 creatures vanquished

Notes
Turn   | Place    | Note
-------+----------+-------------------------------------------
     0 | D:1      | MachJacob the Tengu Air Elementalist began the quest for
                  | the Orb.
     0 | D:1      | Reached XP level 1. HP: 10/10 MP: 4/4
   234 | D:1      | Reached XP level 2. HP: 15/15 MP: 3/6
   845 | D:1      | Reached XP level 3. HP: 15/19 MP: 4/7
  1134 | D:1      | Learned a level 2 spell: Swiftness
  1138 | D:1      | Learned a level 3 spell: Static Discharge
  2032 | D:3      | Reached skill level 5 in Air Magic
  2032 | D:3      | Reached XP level 4. HP: 23/24 MP: 3/8
  2191 | D:3      | Noticed Robin
  2204 | D:3      | HP: 1/24 [Robin/+3 falchion of slicing (2)]
  2212 | D:3      | Killed Robin
  2786 | D:3      | Gained mutation: You can fly continuously. [Tengu growth]
  2786 | D:3      | Reached XP level 5. HP: 28/28 MP: 7/9
  3968 | D:4      | Found June's Food Shop.
  3998 | D:4      | Found a glowing drain.
  4026 | Sewer    | Entered a sewer
  4379 | Sewer    | Reached XP level 6. HP: 31/32 MP: 0/11
  5241 | D:4      | Noticed a steam dragon
  5791 | D:4      | Reached skill level 5 in Conjurations
  6055 | D:4      | Found a shadowy altar of Dithmenos.
  6055 | D:4      | Noticed a phantom
  6420 | D:4      | Found a runed translucent door.
  6421 | D:4      | Noticed Crazy Yiuf
  6632 | D:5      | Entered Level 5 of the Dungeon
  6716 | D:5      | Noticed a sky beast
  7095 | D:5      | Reached XP level 7. HP: 33/36 MP: 4/12
  8208 | D:6      | Reached XP level 8. HP: 41/41 MP: 7/14
  9380 | D:7      | Learned a level 4 spell: Airstrike
  9386 | D:7      | Learned a level 5 spell: Lightning Bolt
  9590 | D:7      | Noticed Duvessa
  9750 | D:7      | Reached skill level 5 in Dodging
 10405 | D:7      | Noticed Dowan
 10505 | D:7      | Reached skill level 1 in Fighting
 10505 | D:7      | Reached XP level 9. HP: 47/47 MP: 11/16
 10803 | D:7      | Found a staircase to the Ecumenical Temple.
 10868 | Temple   | Entered the Ecumenical Temple
 10963 | Temple   | Became a worshipper of Vehumet
 11128 | D:7      | Killed Duvessa
 11134 | D:7      | Killed Dowan
 11551 | D:8      | Identified a scroll of acquirement
 11863 | D:8      | Reached skill level 10 in Air Magic
 12154 | D:8      | Noticed a hornet
 12162 | D:8      | Killed a hornet
 12162 | D:8      | Reached skill level 5 in Spellcasting
 12706 | D:8      | Reached skill level 10 in Conjurations
 12972 | D:8      | Found Tinaam's Weapon Emporium.
 13364 | D:9      | Reached * piety under Vehumet
 13364 | D:9      | Offered knowledge of Sting by Vehumet.
 13364 | D:9      | Reached XP level 10. HP: 39/56 MP: 19/19
 14307 | D:9      | Reached ** piety under Vehumet
 14310 | D:9      | Offered knowledge of Throw Frost by Vehumet.
 14517 | D:10     | Entered Level 10 of the Dungeon
 14539 | D:10     | Noticed a two-headed ogre
 14662 | D:10     | Reached skill level 5 in Fighting
 15089 | D:10     | Noticed a two-headed ogre
 15673 | D:10     | Found a staircase to the Lair.
 15808 | D:10     | Reached XP level 11. HP: 35/65 MP: 12/23
 15808 | D:10     | Offered knowledge of Throw Flame by Vehumet.
 15811 | D:10     | Killed a two-headed ogre
 15991 | D:10     | Found a staircase to the Orcish Mines.
 15999 | D:10     | Found a roughly hewn altar of Beogh.
 16642 | D:10     | Killed a two-headed ogre
 16882 | D:10     | Learned a level 1 spell: Apportation
 16884 | D:10     | Learned a level 1 spell: Confusing Touch
 16889 | D:10     | Learned a level 4 spell: Summon Lightning Spire
 17117 | D:11     | Got a faintly glowing plate armour
 17146 | D:11     | Reached *** piety under Vehumet
 17233 | D:11     | Reached skill level 1 in Summonings
 17598 | D:11     | Reached skill level 1 in Armour
 17767 | D:11     | Noticed Sonja
 17781 | D:11     | Killed Sonja
 17781 | D:11     | Reached skill level 1 in Hexes
 17889 | D:11     | Noticed a cyclops
 18365 | Lair:1   | Entered Level 1 of the Lair of Beasts
 18685 | Lair:1   | Found a frozen archway.
 18695 | Lair:1   | Offered knowledge of Mephitic Cloud by Vehumet.
 18745 | IceCv    | Entered an ice cave
 19449 | IceCv    | Learned a level 3 spell: Mephitic Cloud
 19592 | IceCv    | Reached XP level 12. HP: 69/72 MP: 17/25
 19593 | IceCv    | Reached skill level 10 in Dodging
 19698 | IceCv    | Reached skill level 5 in Summonings
 19761 | IceCv    | Reached **** piety under Vehumet
 20026 | IceCv    | Offered knowledge of Olgreb's Toxic Radiance by Vehumet.
 20597 | IceCv    | Noticed a death yak
 20608 | IceCv    | Killed a death yak
 21002 | IceCv    | Noticed a death yak
 21002 | IceCv    | Noticed a frost giant
 21040 | IceCv    | Reached skill level 5 in Armour
 21304 | IceCv    | Killed a frost giant
 21571 | IceCv    | Killed a death yak
 21684 | IceCv    | Got a bloodstained ring mail
 21761 | Lair:1   | Learned a level 2 spell: Blink
 21910 | Lair:1   | Reached skill level 1 in Translocations
 22859 | Lair:2   | Found a runed translucent door.
 22859 | Lair:2   | Noticed Shaidar's ghost (journeyman MiBe)
 23330 | Lair:2   | Reached ***** piety under Vehumet
 23349 | Lair:2   | Offered knowledge of Bolt of Magma by Vehumet.
 23493 | Lair:2   | Reached XP level 13. HP: 75/80 MP: 24/27
 23607 | Lair:2   | You are sucked into a shaft for 2 floors!
 24451 | Lair:3   | Reached skill level 1 in Crossbows
 24652 | Lair:3   | Found a staircase to the Swamp.
 24742 | Lair:3   | Reached skill level 2 in Crossbows
 25084 | Lair:3   | Reached skill level 10 in Spellcasting
 25121 | Lair:3   | Found a hole to the Spider Nest.
 25425 | Lair:4   | Reached skill level 3 in Crossbows
 26009 | Lair:4   | Identified the +5 ring mail "Koem" {rF++} (You found it in
                  | an ice cave)
 26142 | Lair:4   | Identified the +1 plate armour of the Vacuum {+Inv} (You
                  | found it on level 11 of the Dungeon)
 26614 | Lair:5   | Reached skill level 4 in Crossbows
 26930 | Lair:5   | Found a viscous altar of Jiyva.
 26930 | Lair:5   | Found a staircase to the Slime Pits.
 27448 | Lair:5   | Reached skill level 10 in Fighting
 27690 | Lair:6   | Entered Level 6 of the Lair of Beasts
 27897 | Lair:6   | Reached skill level 5 in Crossbows
 28367 | Lair:6   | Reached skill level 1 in Polearms
 29050 | Lair:6   | Reached skill level 6 in Crossbows
 29600 | Lair:6   | Found a runed translucent door.
 29601 | Lair:6   | Noticed an ice dragon
 29852 | Lair:6   | Offered knowledge of Iskenderun's Battlesphere by Vehumet.
 29957 | Lair:6   | Reached skill level 7 in Crossbows
 30045 | Lair:6   | Reached XP level 14. HP: 86/88 MP: 23/29
 31999 | Orc:1    | Entered Level 1 of the Orcish Mines
 32086 | D:8      | Bought the +6 arbalest "Dinytaij" {freeze, MR+ Str+6 Dex+3
                  | SInv} for 1033 gold pieces
 32301 | Orc:1    | Reached skill level 8 in Crossbows
 32712 | Orc:1    | Found a roughly hewn altar of Beogh.
 33425 | Orc:2    | Entered Level 2 of the Orcish Mines
 33599 | Orc:2    | Found a runed translucent door.
 33599 | Orc:2    | Found the +10 large shield of Ignorance {rN+ Int-4}
 33786 | Orc:2    | Noticed a stone giant
 34050 | Orc:2    | Noticed an orc warlord
 34059 | Orc:2    | Reached skill level 9 in Crossbows
 34274 | Orc:2    | Killed a stone giant
 34443 | Orc:2    | Reached skill level 5 in Polearms
 34487 | Orc:2    | Found a roughly hewn altar of Beogh.
 34527 | Orc:2    | Found a runed translucent door.
 34551 | Orc:2    | Found a staircase to the Elven Halls.
 34551 | Orc:2    | Found a roughly hewn altar of Beogh.
 34652 | Orc:2    | Noticed Saint Roka
 34689 | Orc:1    | Reached ****** piety under Vehumet
 34897 | Orc:2    | Found a roughly hewn altar of Beogh.
 34901 | Orc:2    | Offered knowledge of Bolt of Cold by Vehumet.
 34906 | Orc:2    | Found Ucefon's Jewellery Emporium.
 35346 | Orc:2    | Killed an orc warlord
 35511 | Orc:2    | Found a roughly hewn altar of Beogh.
 35539 | Orc:2    | Found Nuitoif's Book Shop.
 35630 | Orc:2    | Found Sutwor's Antique Weapon Emporium.
 35636 | Orc:2    | Found Qothroeke's Antique Armour Shoppe.
 35638 | Orc:2    | Found a roughly hewn altar of Beogh.
 35666 | Orc:2    | Bought a glowing hat for 161 gold pieces
 35773 | Orc:2    | Found a roughly hewn altar of Beogh.
 35843 | Orc:2    | Found Ohuf's Jewellery Shoppe.
 35851 | Orc:2    | Bought the ring "Jeidouji" {rPois MP+9 Str+5 Int+4 Dex-5}
                  | for 712 gold pieces
 35912 | Orc:2    | Found a roughly hewn altar of Beogh.
 35964 | Orc:2    | Found a transporter.
 35985 | Orc:2    | Found a transporter.
 35985 | Orc:2    | Noticed P0WERM0DE's ghost (journeyman DDFi)
 36016 | Orc:2    | Killed Saint Roka
 36016 | Orc:2    | Reached skill level 10 in Crossbows
 36413 | Swamp:1  | Entered Level 1 of the Swamp
 36447 | Swamp:1  | Reached XP level 15. HP: 89/95 MP: 31/31
 37205 | Swamp:1  | Reached skill level 10 in Armour
 37301 | Swamp:1  | Learned a level 3 spell: Regeneration
 37363 | Swamp:1  | Offered knowledge of Bolt of Draining by Vehumet.
 38228 | Swamp:1  | Reached skill level 1 in Necromancy
 38457 | Swamp:1  | Reached skill level 1 in Charms
 38637 | Swamp:1  | Reached skill level 11 in Crossbows
 40858 | Swamp:3  | Noticed a thorn hunter
 40875 | Swamp:3  | Killed a thorn hunter
 41311 | Swamp:3  | Noticed a thorn hunter
 41322 | Swamp:3  | Killed a thorn hunter
 41672 | Swamp:3  | Offered knowledge of Ozocubu's Refrigeration by Vehumet.
 41684 | Swamp:3  | Reached XP level 16. HP: 85/101 MP: 4/32
 41935 | Swamp:3  | Noticed a thorn hunter
 41943 | Swamp:3  | Killed a thorn hunter
 41943 | Swamp:3  | Reached skill level 12 in Crossbows
 42336 | Swamp:4  | Entered Level 4 of the Swamp
 42442 | Swamp:4  | Noticed Mara
 42477 | Swamp:4  | Noticed a thorn hunter
 42482 | Swamp:4  | Killed a thorn hunter
 43783 | Swamp:4  | Killed an azure jelly
 44367 | Swamp:4  | Offered knowledge of Orb of Destruction by Vehumet.
 44634 | Swamp:4  | Got a decaying rune of Zot
 44754 | Swamp:4  | Noticed MachJacob's illusion
 44764 | Swamp:4  | Killed Mara
 45218 | Lair:3   | Learned a level 7 spell: Orb of Destruction
 45218 | Lair:3   | Upgraded the game from 0.24-a0-309-g1095bcad4c to
                  | 0.24-a0-312-g16217b4a02
 45220 | Spider:1 | Entered Level 1 of the Spider Nest
 45228 | Spider:1 | Reached skill level 13 in Crossbows
 46929 | Spider:2 | Noticed Louise
 47061 | Spider:2 | Offered knowledge of Freezing Cloud by Vehumet.
 47083 | Spider:2 | Killed Louise
 47722 | Spider:2 | Reached XP level 17. HP: 104/108 MP: 34/34
 47959 | Spider:2 | Noticed Arachne
 48321 | Spider:2 | Killed Arachne
 48620 | Spider:2 | Reached skill level 5 in Necromancy
 48658 | Spider:2 | Reached skill level 14 in Crossbows
 49282 | Spider:2 | Got a warped buckler
 49284 | Spider:2 | Got a pair of dazzling gloves
 49285 | Spider:2 | Identified the +0 pair of gloves "Timomiti" {MR+} (You
                  | acquired it on level 2 of the Spider Nest)
 49286 | Spider:2 | Identified the +1 buckler of the Elephant {Dex+3} (You
                  | acquired it on level 2 of the Spider Nest)
 49314 | Spider:3 | Noticed Kirke
 49328 | Spider:2 | Offered knowledge of Glaciate by Vehumet.
 49328 | Spider:2 | Offered knowledge of Shatter by Vehumet.
 49328 | Spider:2 | Offered knowledge of Tornado by Vehumet.
 49756 | Spider:2 | Killed Kirke
 50320 | Spider:3 | Reached skill level 10 in Polearms
 50943 | Spider:3 | Identified the +9 long sword of the Girdle {slice, Dex+3}
                  | (You found it on level 3 of the Spider Nest)
 51143 | Spider:4 | Entered Level 4 of the Spider Nest
 51991 | Spider:4 | Identified the +1 hat of Roxarch {-Cast rElec rN+ Str+6}
                  | (You acquired it on level 4 of the Spider Nest)
 52533 | Spider:4 | Slain by a tarantella

Levels and vault maps discovered:
D:1:      kennysheep_arrival_seaside, layout_loops_ring, minmay_hedge_maze
D:2:      layout_basic, first_ration
D:3:      layout_loops_cross, minmay_puff, uniq_robin
D:4:      layout_basic, grunt_dithmenos_shadows, portal_sewer_entry_f,
          serial_shops, shop, hangedman_decor_push, st_stairs_1,
          uniq_crazy_yiuf_cottage
D:5:      layout_loops_ring
D:6:      layout_basic, grunt_decor_clamped
D:7:      layout_basic, minmay_temple_entry_offerings, uniq_duvessa
D:8:      layout_loops_ring, serial_shops,
          nicolae_shop_temple_entry_statues_fountains
D:9:      layout_rooms, corner_web_ring
D:10:     layout_roguey, lair_entry_dummy, minmay_orc_entry_temple_small,
          blue_anna_alchemist [blue_anna_fruit_fields, blue_anna_fruit_fields]
D:11:     layout_basic, uniq_sonja
Temple:   grunt_wide_crystal_templ
Lair:1:   layout_regular_city, portal_ice_cave_entry_imps,
          nicolae_lair_grove_arrangements, grunt_megastairs_3,
          lemuel_fruit_fields
Lair:2:   layout_regular_city, hellmonk_ghost_happy_afterlife
Lair:3:   wander_river, layout_cave_pods, minmay_swamp_entry_worms,
          nicolae_spider_entry_orb_guardian, lemuel_fruit_tree
Lair:4:   minmay_lair_venomous_thicket, layout_gridlike,
          chequers_serial_rivers_micro_a, lemuel_fruit_fields
Lair:5:   layout_layer_cave, slime_altar_1, minmay_lair_oklob_chamber,
          serial_bayou_shore_a
Lair:6:   wormcave, layout_misc_corridors, guppyfry_lair_end_dragon
Swamp:1:  layout_basic_swamp, evilmike_swamp_ruin_house_4, st_swamp_ruins_4
Swamp:2:  layout_basic_swamp, nicolae_swamp_fairy_circle,
          infiniplex_staircase_pool
Swamp:3:  layout_basic_swamp, serial_swamp_ruin, evilmike_swamp_ruin_house_5,
          hangedman_swamp_ruin_hall, swamp_pool3
Swamp:4:  swamp_icy, layout_basic_swamp, uniq_mara
Spider:1: layout_spider_delve
Spider:2: layout_spider_delve, worms_lemuel, uniq_louise, uniq_arachne
Spider:3: layout_spider_delve, spiders_nest_the_unseen, uniq_kirke
Spider:4: spider_rune_water, uniq_aizul
Orc:1:    layout_caves, basic_altar, nicolae_orc_pool_cavern,
          guppyfry_orc_lava_fort
Orc:2:    grunt_orc_community_town_hall, layout_diamond_mine,
          grunt_orc_community_big_house_2, grunt_orc_community_big_house_2,
          grunt_orc_community_house_1, grunt_orc_community_house_2,
          grunt_orc_community_house_2, grunt_orc_community_house_3,
          grunt_orc_community_house_1, grunt_orc_community_house_3,
          serial_shops, nicolae_shop_trees, basic_altar,
          gammafunk_ghost_berserking_beasts, chequers_guarded_unrand_ignorance

Skill      XL: |  1  2  3  4  5  6  7  8  9 10 11 12 13 14 15 16 17 |
---------------+----------------------------------------------------+-----
Conjurations   | 2 3 4 5 6 8 10 | 10.9
Air Magic      | 5 6 7 9 10 | 10.9
Dodging        | 3 4 5 6 8 9 10 | 10.0
Spellcasting   | 3 4 5 7 8 9 10 11 12 | 12.0
Fighting       | 1 3 6 7 9 10 11 12 13 | 13.3
Summonings     | 4 5 |  5.1
Armour         | 2 6 8 9 10 11 12 | 12.1
Hexes          | 1 2 |  2.0
Translocations | 3 |  3.0
Crossbows      | 7 10 11 13 14 | 14.9
Polearms       | 3 5 7 9 10 | 10.4
Necromancy     | 3 4 5 |  5.0
Charms         | 2 |  2.0
Stealth        | |  2.0

Action                   |  1- 3 |  4- 6 |  7- 9 | 10-12 | 13-15 | 16-18 || total
-------------------------+-------+-------+-------+-------+-------+-------++-------
Melee: Dagger            |     8 |    89 |    33 |    55 |       |       ||   185
       Kick              |     2 |    34 |     4 |    16 |     8 |     3 ||    67
       Unarmed           |     1 |       |       |       |       |       ||     1
       Peck              |       |    27 |     5 |     9 |     4 |     2 ||    47
       Glaive            |       |       |       |       |    47 |     6 ||    53
       Arbalest          |       |       |       |       |       |     5 ||     5
 Fire: Hunting sling     |       |       |     4 |    17 |       |       ||    21
       Arbalest          |       |       |       |       |   684 |   385 ||  1069
Throw: Dart              |       |       |       |       |    11 |     6 ||    17
 Cast: Shock             |    76 |   190 |   233 |   346 |   139 |     9 ||   993
       Static Discharge  |       |     2 |    30 |   206 |   239 |    86 ||   563
       Airstrike         |       |       |     4 |    19 |     8 |    20 ||    51
       Lightning Bolt    |       |       |     3 |    41 |    77 |   179 ||   300
       Swiftness         |       |       |       |     1 |       |       ||     1
       Summon Lightning  |       |       |       |    28 |   103 |    72 ||   203
       Mephitic Cloud    |       |       |       |     2 |     1 |    15 ||    18
       Blink             |       |       |       |       |    11 |    19 ||    30
       Regeneration      |       |       |       |       |     4 |    36 ||    40
       Confusing Touch   |       |       |       |       |       |     1 ||     1
 Abil: Fly               |       |     1 |       |       |       |       ||     1
Evoke: Wand              |       |       |       |     4 |     2 |     3 ||     9
       Fan of gales      |       |       |       |       |       |     1 ||     1
       Lightning rod     |       |       |       |       |       |     1 ||     1
  Use: Scroll            |     4 |    13 |     7 |     8 |     8 |    15 ||    55
       Potion            |       |       |     4 |     2 |     4 |     9 ||    19
 Stab: Sleeping          |     2 |       |     1 |       |       |       ||     3
       Paralysed         |       |       |       |     3 |       |       ||     3
  Eat: Chunk             |     4 |    10 |    11 |    33 |    51 |    32 ||   141
       Ration            |       |     2 |     3 |     3 |     5 |     5 ||    18
Armor: Robe              |     4 |     8 |    15 |    11 |       |       ||    38
       Skin              |       |       |    13 |       |       |       ||    13
       Acid dragon scale |       |       |       |    19 |    45 |    31 ||    95
       Troll leather arm |       |       |       |     1 |       |       ||     1
       Ring mail         |       |       |       |       |   109 |    48 ||   157
       Ice dragon scales |       |       |       |       |       |   210 ||   210
Dodge: Dodged            |     5 |    41 |    79 |   245 |   520 |   649 ||  1539
Block: Other             |       |       |       |    14 |    39 |    53 ||   106
       Reflection        |       |       |       |     1 |     2 |       ||     3

Table legend:
 A = Non-vault XP
 B = Vault XP
 C = Vault XP percentage of total XP
 D = Non-vault monster count
 E = Vault monster count
 F = Vault count percentage of total count
                 A         B        C        D         E       F
            +---------+---------+-------+---------+---------+-------
      Total |  155302 |   78613 |  33.6 |     748 |     355 |  32.2
            +---------+---------+-------+---------+---------+-------
        D:1 |      35 |       0 |   0.0 |      18 |       0 |   0.0
        D:2 |      37 |       0 |   0.0 |      11 |       0 |   0.0
        D:3 |     123 |      47 |  27.6 |      19 |      18 |  48.6
        D:4 |     284 |      14 |   4.7 |      15 |       6 |  28.6
        D:5 |     331 |       0 |   0.0 |      12 |       0 |   0.0
        D:6 |     774 |       0 |   0.0 |      17 |       0 |   0.0
        D:7 |    1150 |     226 |  16.4 |      27 |       2 |   6.9
        D:8 |    1499 |       0 |   0.0 |      29 |       0 |   0.0
        D:9 |    1817 |       0 |   0.0 |      40 |       0 |   0.0
       D:10 |    5451 |     838 |  13.3 |      32 |      11 |  25.6
       D:11 |    1747 |     835 |  32.3 |      13 |       1 |   7.1
     Lair:1 |    2760 |     122 |   4.2 |      17 |      12 |  41.4
     Lair:2 |    2801 |       0 |   0.0 |      17 |       0 |   0.0
     Lair:3 |    3621 |     604 |  14.3 |      16 |       3 |  15.8
     Lair:4 |    1849 |    1206 |  39.5 |       8 |      14 |  63.6
     Lair:5 |    6585 |     219 |   3.2 |      29 |       2 |   6.5
     Lair:6 |    8300 |    8132 |  49.5 |      32 |      33 |  50.8
    Swamp:1 |   12808 |    7914 |  38.2 |      37 |      11 |  22.9
    Swamp:2 |   10137 |       0 |   0.0 |      31 |       0 |   0.0
    Swamp:3 |   20552 |       0 |   0.0 |      46 |       0 |   0.0
    Swamp:4 |    7541 |   11663 |  60.7 |      17 |      33 |  66.0
   Spider:1 |   16794 |     310 |   1.8 |      50 |       2 |   3.8
   Spider:2 |   14425 |   11673 |  44.7 |      50 |      25 |  33.3
   Spider:3 |   14520 |    1682 |  10.4 |      48 |       1 |   2.0
   Spider:4 |    7837 |    8240 |  51.3 |      19 |      19 |  50.0
      Orc:1 |    5705 |    3826 |  40.1 |      62 |      16 |  20.5
      Orc:2 |    5819 |    9822 |  62.8 |      36 |      76 |  67.9
      Sewer |       0 |      40 | 100.0 |       0 |      19 | 100.0
      IceCv |       0 |   11200 | 100.0 |       0 |      51 | 100.0
            +---------+---------+-------+---------+---------+-------
